[Event "4NCL Hull GM 2021"]
[Site "Hull"]
[Date "2021.10.21"]
[Round "2.1"]
[White "Willow, Jonah B"]
[Black "Royal, Shreyas"]
[Result "1-0"]
[ECO "C54"]
[WhiteElo "2353"]
[BlackElo "2226"]
[Annotator "ChessBase"]
[PlyCount "71"]
[EventDate "2021.10.20"]
[EventType "tourn"]
[EventCountry "ENG"]
[SourceTitle "playchess.com"]
[Source "ChessBase"]
[SourceQuality "1"]
[TimeControl "5400+30"]

1. e4 e5 2. Nf3 Nc6 3. Bc4 Bc5 4. c3 Nf6 5. d4 exd4 6. b4 Be7 7. b5 Na5 8. Bd3 d5 9. e5 Nd7 10. cxd4 Nb6 11. O-O Bg4 12. h3 Be6 13. Qc2 Qd7 14. Ng5 O-O-O 15. a4 Nbc4 16. Nxe6 fxe6 17. Nd2 g5 18. Bxc4 dxc4 19. Bb2 g4 20. Qc3 Nb3 21. b6 Kb8 22. Nxb3 cxb3 23. bxc7+ Qxc7 24. Qxb3 Rhg8 25. Qxe6 Rg6 26. Qb3 gxh3 27. Qxh3 Rdg8 28. g3 Qc2 29. Ba3 Qc3 30. Bxe7 Rxg3+ 31. fxg3 Rxg3+ 32. Qg2 Qxd4+ 33. Kh1 Rxg2 34. Rf8+ Kc7 35. Rc1+ Kb6 36. Bc5+ 1-0

[Event "4NCL Hull GM 2021"]
[Site "Hull"]
[Date "2021.10.21"]
[Round "2.3"]
[White "Jackson, James P"]
[Black "Czopor, Maciej"]
[Result "1/2-1/2"]
[ECO "B46"]
[WhiteElo "2386"]
[BlackElo "2411"]
[Annotator "ChessBase"]
[PlyCount "58"]
[EventDate "2021.10.20"]
[EventType "tourn"]
[EventCountry "ENG"]
[SourceTitle "playchess.com"]
[Source "ChessBase"]
[SourceQuality "1"]
[TimeControl "5400+30"]

1. e4 c5 2. Nf3 e6 3. d4 cxd4 4. Nxd4 Nc6 5. Nc3 a6 6. Bf4 d6 7. Bg3 Be7 8. Qd2 Nf6 9. Be2 e5 10. Nxc6 bxc6 11. f4 exf4 12. Bxf4 O-O 13. O-O-O Ne8 14. Bc4 Bg4 15. Rdf1 Bf6 16. Bb3 Qe7 17. Re1 Rd8 18. h3 Bc8 19. Na4 Nc7 20. Nb6 Be6 21. Nd5 cxd5 22. exd5 Nxd5 23. Bxd5 Qd7 24. Bg5 Bxg5 25. Qxg5 Qb5 26. Rd1 Rb8 27. b3 Rfc8 28. Qd2 Bf5 29. c4 Qc5 1/2-1/2

[Event "4NCL Hull GM 2021"]
[Site "Hull"]
[Date "2021.10.21"]
[Round "2.4"]
[White "Clarke, Brandon G I"]
[Black "Davies, Nigel R"]
[Result "0-1"]
[ECO "C50"]
[WhiteElo "2442"]
[BlackElo "2475"]
[Annotator "ChessBase"]
[PlyCount "58"]
[EventDate "2021.10.20"]
[EventType "tourn"]
[EventCountry "ENG"]
[SourceTitle "playchess.com"]
[Source "ChessBase"]
[SourceQuality "1"]
[TimeControl "5400+30"]

1. e4 e5 2. Nf3 Nc6 3. Bc4 d6 4. d4 exd4 5. Nxd4 Nf6 6. Nc3 Be7 7. O-O O-O 8. Bf4 Ne5 9. Be2 Ng6 10. Bg3 Nxe4 11. Nxe4 f5 12. Bc4+ Kh8 13. Bd3 fxe4 14. Bxe4 Nf4 15. c4 Bg5 16. Re1 c6 17. Nf3 Bg4 18. Qb3 Rb8 19. Rad1 Qa5 20. Qc3 Qxc3 21. bxc3 Rbe8 22. Rxd6 Nxg2 23. Re2 Nf4 24. Bxf4 Bxf4 25. Rd4 Be5 26. Rd3 Bc7 27. c5 g6 28. Kf1 Re7 29. Rd4 Ref7 0-1

[Event "4NCL Hull GM 2021"]
[Site "Hull"]
[Date "2021.10.21"]
[Round "2.5"]
[White "Murphy, Conor E"]
[Black "Wadsworth, Matthew J"]
[Result "0-1"]
[ECO "B49"]
[WhiteElo "2428"]
[BlackElo "2425"]
[Annotator "ChessBase"]
[PlyCount "96"]
[EventDate "2021.10.20"]
[EventType "tourn"]
[EventCountry "ENG"]
[SourceTitle "playchess.com"]
[Source "ChessBase"]
[SourceQuality "1"]
[TimeControl "5400+30"]

1. e4 c5 2. Nf3 e6 3. d4 cxd4 4. Nxd4 Nc6 5. Nc3 Qc7 6. Be2 a6 7. O-O Nf6 8. Be3 Bb4 9. Na4 Be7 10. Nxc6 bxc6 11. Nb6 Rb8 12. Nxc8 Qxc8 13. Bd4 c5 14. Be5 Rb6 15. Qd3 O-O 16. b3 d6 17. Bb2 Nd7 18. Rad1 Bf6 19. Bc1 Ne5 20. Qh3 Rd8 21. f4 Nc6 22. c3 a5 23. Bc4 a4 24. bxa4 Qa8 25. Bb5 Na7 26. e5 dxe5 27. fxe5 Bxe5 28. Qh5 Rxd1 29. Qxf7+ Kh8 30. Rxd1 Nxb5 31. axb5 Rxb5 32. Qxe6 Bf6 33. Re1 Rb8 34. Bf4 Rg8 35. Qb3 Qa6 36. a4 Qd3 37. Be5 c4 38. Qb5 Qd2 39. Bg3 Qxc3 40. a5 Bd4+ 41. Kh1 Rf8 42. Qe8 Bc5 43. a6 Qf6 44. h3 Qxa6 45. Bf2 Bb4 46. Re6 Qa1+ 47. Kh2 Qf1 48. Re2 Qxf2 0-1

[Event "4NCL Hull GM 2021"]
[Site "Hull"]
[Date "2021.10.21"]
[Round "3.1"]
[White "Wadsworth, Matthew J"]
[Black "Willow, Jonah B"]
[Result "1-0"]
[ECO "A37"]
[WhiteElo "2425"]
[BlackElo "2353"]
[Annotator "ChessBase"]
[PlyCount "117"]
[EventDate "2021.10.20"]
[EventType "tourn"]
[EventCountry "ENG"]
[SourceTitle "playchess.com"]
[Source "ChessBase"]
[SourceQuality "1"]
[TimeControl "5400+30"]

1. c4 c5 2. g3 Nc6 3. Bg2 g6 4. Nc3 Bg7 5. Nf3 e6 6. h4 h6 7. d4 Nxd4 8. Nxd4 cxd4 9. Ne4 d5 10. cxd5 exd5 11. Qa4+ Kf8 12. Nc5 Ne7 13. Bf4 Kg8 14. Rc1 Kh7 15. O-O Qe8 16. Qb3 b6 17. Nd3 Bg4 18. Rc7 Rc8 19. Rxa7 Qd8 20. Re1 Re8 21. Rb7 Rc6 22. Rb8 Bc8 23. Nb4 Rc5 24. Na6 Rc6 25. Qb5 Qd7 26. Rxb6 Rxb6 27. Qxb6 Bxa6 28. Qxa6 Nf5 29. Rc1 Re6 30. Qd3 Qd8 31. Bh3 Qf6 32. Bxf5 Qxf5 33. Qxf5 gxf5 34. Rc2 d3 35. exd3 Re1+ 36. Kg2 Rd1 37. b4 Rxd3 38. Rd2 Ra3 39. Rxd5 Rxa2 40. Rxf5 Kg6 41. g4 Bd4 42. h5+ Kg7 43. Be5+ Bxe5 44. Rxe5 Rb2 45. b5 Kf6 46. Rf5+ Ke6 47. Kg3 f6 48. f3 Rb4 49. Rc5 Rb3 50. Rc6+ Ke5 51. b6 f5 52. gxf5 Kxf5 53. Rxh6 Kg5 54. Rc6 Kxh5 55. Kf4 Rb5 56. Re6 Rb4+ 57. Kf5 Rb5+ 58. Kf6 Kh6 59. f4 1-0

[Event "4NCL Hull GM 2021"]
[Site "Hull"]
[Date "2021.10.21"]
[Round "3.2"]
[White "Davies, Nigel R"]
[Black "Murphy, Conor E"]
[Result "0-1"]
[ECO "A07"]
[WhiteElo "2475"]
[BlackElo "2428"]
[Annotator "ChessBase"]
[PlyCount "82"]
[EventDate "2021.10.20"]
[EventType "tourn"]
[EventCountry "ENG"]
[SourceTitle "playchess.com"]
[Source "ChessBase"]
[SourceQuality "1"]
[TimeControl "5400+30"]

1. Nf3 d5 2. g3 Nf6 3. Bg2 e6 4. O-O Be7 5. d3 O-O 6. Nbd2 Nc6 7. c3 e5 8. Qc2 a5 9. e4 dxe4 10. dxe4 Be6 11. Ng5 Bd7 12. Nc4 Bc5 13. Nf3 Re8 14. Ne3 Qc8 15. Nd5 Nxd5 16. exd5 Bf5 17. Qa4 Nb8 18. Re1 Bd6 19. Nh4 Bd7 20. Qc2 c6 21. Be4 cxd5 22. Bxd5 Bc6 23. Qe4 Bf8 24. Bg5 Bxd5 25. Qxd5 Nc6 26. Rad1 Qg4 27. Be3 Rad8 28. Qf3 Qc4 29. a3 a4 30. Rxd8 Rxd8 31. Qe2 Qxe2 32. Rxe2 Rd1+ 33. Kg2 Na5 34. Rd2 Rxd2 35. Bxd2 Nc4 36. Bc1 e4 37. f3 Ne5 38. fxe4 Nd3 39. Bf4 Nxb2 40. Nf5 Nc4 41. Kf3 Bxa3 0-1

[Event "4NCL Hull GM 2021"]
[Site "Hull"]
[Date "2021.10.21"]
[Round "3.3"]
[White "Czopor, Maciej"]
[Black "Clarke, Brandon G I"]
[Result "1-0"]
[ECO "B51"]
[WhiteElo "2411"]
[BlackElo "2442"]
[Annotator "ChessBase"]
[PlyCount "101"]
[EventDate "2021.10.20"]
[EventType "tourn"]
[EventCountry "ENG"]
[SourceTitle "playchess.com"]
[Source "ChessBase"]
[SourceQuality "1"]
[TimeControl "5400+30"]

1. e4 c5 2. Nf3 d6 3. Bb5+ Nc6 4. O-O Bd7 5. Re1 a6 6. Bf1 Nf6 7. c3 Bg4 8. h3 Bxf3 9. Qxf3 g6 10. d3 Bg7 11. Nd2 O-O 12. Qd1 Nd7 13. Nf3 Nde5 14. Nh2 b5 15. Be3 Rb8 16. f4 Nd7 17. d4 cxd4 18. cxd4 e5 19. Nf3 Nf6 20. fxe5 dxe5 21. d5 Na5 22. Bf2 Re8 23. Rc1 Bf8 24. Qd2 Nb7 25. Rc6 Nd6 26. Bd3 a5 27. Bh4 Be7 28. Bg3 Ndxe4 29. Bxe4 Bb4 30. Qd3 Bxe1 31. Bxe1 Nxe4 32. Qxe4 f5 33. Qh4 Qxh4 34. Bxh4 e4 35. Nd4 e3 36. d6 Re4 37. d7 Rxd4 38. Rc8+ Kf7 39. Rxb8 Rxd7 40. Be1 b4 41. Rb5 Ke6 42. Rxa5 Rd2 43. b3 f4 44. Kf1 Rb2 45. Bxb4 h6 46. Be1 g5 47. b4 Rc2 48. a4 Ra2 49. b5 Kd5 50. b6+ Kc6 51. Rb5 1-0

[Event "4NCL Hull GM 2021"]
[Site "Hull"]
[Date "2021.10.21"]
[Round "3.4"]
[White "Turner, Matthew J"]
[Black "Jackson, James P"]
[Result "0-1"]
[ECO "E62"]
[WhiteElo "2471"]
[BlackElo "2386"]
[Annotator "ChessBase"]
[PlyCount "236"]
[EventDate "2021.10.20"]
[EventType "tourn"]
[EventCountry "ENG"]
[SourceTitle "playchess.com"]
[Source "ChessBase"]
[SourceQuality "1"]
[TimeControl "5400+30"]

1. d4 Nf6 2. Nf3 g6 3. c4 Bg7 4. g3 O-O 5. Bg2 d6 6. O-O Nc6 7. Nc3 e5 8. dxe5 dxe5 9. Bg5 Be6 10. Nd2 Qc8 11. Nd5 Nd7 12. b4 Kh8 13. Nb3 f5 14. Qd2 e4 15. Rac1 Nce5 16. Bh6 Bxh6 17. Qxh6 Nxc4 18. Nf4 Nde5 19. f3 exf3 20. exf3 Bf7 21. Rfe1 Qd8 22. Nc5 Rg8 23. Nfe6 Bxe6 24. Nxe6 Qf6 25. Nc5 Rad8 26. Nxb7 Rd4 27. Rcd1 Qb6 28. Nc5 Qxb4 29. Nb3 Rd6 30. Qc1 Rgd8 31. Rxd6 Rxd6 32. Qa1 Nb2 33. Rb1 Qb6+ 34. Kh1 Nbd3 35. Bf1 Qe3 36. Bxd3 Qxf3+ 37. Kg1 Qe3+ 38. Kh1 Qf3+ 39. Kg1 Qe3+ 40. Kh1 Rxd3 41. Re1 Qf3+ 42. Kg1 Re3 43. Nd2 Rxe1+ 44. Qxe1 Qd5 45. Qe3 c5 46. Nb3 c4 47. Nd2 a5 48. Qa3 Kg7 49. Qe7+ Nf7 50. Qe3 Ne5 51. Qa7+ Kg8 52. Qb8+ Kf7 53. Qa7+ Ke6 54. Qa6+ Qd6 55. Qc8+ Ke7 56. Qh8 h5 57. Qg7+ Kd8 58. Qg8+ Kc7 59. Qg7+ Kc6 60. Nf1 Qd4+ 61. Kg2 c3 62. Qf8 Qd5+ 63. Kh3 Qd3 64. Qe8+ Kd5 65. Qd8+ Ke4 66. Qa8+ Qd5 67. Qa7 Ng4 68. Qc7 Kd3 69. Kh4 Ne5 70. Kg5 c2 71. Qxc2+ Kxc2 72. Ne3+ Kb2 73. Nxd5 Kxa2 74. Kf6 Ng4+ 75. Kxg6 Nxh2 76. Kxf5 Kb3 77. Nb6 Nf1 78. Kf4 Kb4 79. Nd5+ Kc4 80. Nb6+ Kd4 81. Na4 Ne3 82. Kg5 Nf1 83. Kf4 Kd3 84. Kf3 Nd2+ 85. Kf4 Kc4 86. Kg5 Kb3 87. Nc5+ Kb4 88. Nd3+ Kc4 89. Nb2+ Kb3 90. Nd3 Kc2 91. Nc5 Ne4+ 92. Nxe4 a4 93. Kxh5 a3 94. g4 a2 95. g5 a1=Q 96. Nf6 Kd3 97. Kg6 Kd4 98. Kf5 Qb1+ 99. Kf4 Qf1+ 100. Kg4 Ke5 101. Nd7+ Ke6 102. Nf6 Kf7 103. Nh5 Qe2+ 104. Kh4 Qe4+ 105. Kg3 Kg6 106. Nf4+ Kxg5 107. Nh3+ Kf5 108. Nf2 Qd5 109. Nh3 Qd3+ 110. Kg2 Qe2+ 111. Kg3 Qg4+ 112. Kh2 Qg7 113. Ng1 Kf4 114. Nh3+ Kf3 115. Ng1+ Kf2 116. Nh3+ Kf1 117. Nf4 Qg4 118. Ng2 Qxg2# 0-1

[Event "4NCL Hull GM 2021"]
[Site "Hull"]
[Date "2021.10.21"]
[Round "3.5"]
[White "Royal, Shreyas"]
[Black "Fodor, Tamas Jr."]
[Result "0-1"]
[ECO "A52"]
[WhiteElo "2226"]
[BlackElo "2524"]
[Annotator "ChessBase"]
[PlyCount "126"]
[EventDate "2021.10.20"]
[EventType "tourn"]
[EventCountry "ENG"]
[SourceTitle "playchess.com"]
[Source "ChessBase"]
[SourceQuality "1"]
[TimeControl "5400+30"]

1. d4 Nf6 2. c4 e5 3. dxe5 Ng4 4. Nf3 Nc6 5. Bf4 Bb4+ 6. Nbd2 Qe7 7. e3 Ngxe5 8. Nxe5 Nxe5 9. Be2 d6 10. O-O a5 11. Rc1 O-O 12. Nf3 Ng6 13. Bg3 a4 14. Nd4 f5 15. Qc2 Bc5 16. Rcd1 Kh8 17. Nb5 a3 18. b3 Ne5 19. Qd2 Nc6 20. Nc3 Be6 21. Bf3 Qf6 22. Bxc6 bxc6 23. Na4 Rxa4 24. bxa4 Bxc4 25. Rfe1 Qb2 26. Qc1 Bxa2 27. Rd2 Qxc1 28. Rxc1 Bd5 29. Rxc5 dxc5 30. Bxc7 a2 31. Rd1 Ra8 32. a5 c4 33. f3 c3 34. Kf2 Bc4 35. Ra1 c2 36. Bb6 c5 37. Ke1 Bb3 38. Kd2 c4 39. Kc3 Kg8 40. Kd4 Kf7 41. Kd5 Ke7 42. Kc6 c3 43. Rc1 Ke6 44. Kb5 Rc8 45. Kb4 Bd5 46. Bd4 Rc4+ 47. Kb5 Rc8 48. Kb4 f4 49. Ra1 fxe3 50. Bxe3 Kd7 51. Bc5 g5 52. h3 h6 53. Rc1 Rc6 54. Ra1 Kc8 55. Rc1 Kb7 56. Ra1 Ka6 57. Rc1 Bf7 58. Ra1 Rc7 59. g3 Rd7 60. Be3 Rd3 61. Bc1 Rxf3 62. h4 Rxg3 63. hxg5 hxg5 0-1

[Event "4NCL Hull GM 2021"]
[Site "Hull"]
[Date "2021.10.22"]
[Round "4.4"]
[White "Murphy, Conor E"]
[Black "Czopor, Maciej"]
[Result "1/2-1/2"]
[ECO "B85"]
[WhiteElo "2428"]
[BlackElo "2411"]
[Annotator "RC"]
[PlyCount "93"]
[EventDate "2021.10.20"]
[EventType "tourn"]
[EventCountry "ENG"]
[SourceTitle "playchess.com"]
[Source "ChessBase"]
[SourceQuality "1"]
[TimeControl "5400+30"]

1. e4 c5 2. Nf3 e6 3. d4 cxd4 4. Nxd4 Nc6 5. Nc3 Qc7 6. Be2 a6 7. O-O Nf6 8. Be3 Be7 9. f4 d6 10. Qe1 O-O 11. Qg3 Nxd4 12. Bxd4 b5 13. a3 Bb7 14. Kh1 Rad8 15. Rae1 Bc6 16. Bf3 Qb7 17. Nd1 d5 18. e5 Ne4 19. Bxe4 dxe4 20. Bc3 b4 21. axb4 Bxb4 22. f5 exf5 23. Rxf5 Bxc3 24. bxc3 Qe7 25. Rf6 Bd7 26. Rxa6 Rfe8 27. Ne3 Qxe5 28. Qxe5 Rxe5 29. Rd1 Kf8 30. Rad6 Ke7 31. R6d4 f5 32. Nd5+ Ke8 33. Kg1 e3 34. Re1 Rc8 35. Rd3 Be6 36. Rdxe3 Rxe3 37. Rxe3 Kf7 38. Nf4 Bc4 39. Kf2 g5 40. Nd3 Kf6 41. g3 Bd5 42. Ne5 Be4 43. Nd7+ Ke6 44. Nb6 Rc6 45. Na4 Ke5 46. Nb2 f4 47. Nd3+ 1/2-1/2

[Event "4NCL Hull GM 2021"]
[Site "Hull"]
[Date "2021.10.23"]
[Round "6.1"]
[White "Willow, Jonah B"]
[Black "Jackson, James P"]
[Result "1/2-1/2"]
[ECO "C78"]
[WhiteElo "2353"]
[BlackElo "2386"]
[Annotator "ChessBase"]
[PlyCount "51"]
[EventDate "2021.10.20"]
[EventType "tourn"]
[EventCountry "ENG"]
[SourceTitle "playchess.com"]
[Source "ChessBase"]
[SourceQuality "1"]
[TimeControl "5400+30"]

1. e4 e5 2. Nf3 Nc6 3. Bb5 a6 4. Ba4 Nf6 5. O-O b5 6. Bb3 Bc5 7. c3 d6 8. a4 Rb8 9. d4 Bb6 10. a5 Ba7 11. Nbd2 O-O 12. Re1 exd4 13. cxd4 Nxd4 14. Nxd4 Bxd4 15. Nf3 Ba7 16. Bg5 Bb7 17. Qc1 c5 18. Qf4 h6 19. Bh4 c4 20. Bc2 Re8 21. Rad1 Nh5 22. Qg4 Nf6 23. Qg3 Nh5 24. Qg4 Nf6 25. Qf4 Nh5 26. Qg4 1/2-1/2

[Event "4NCL Hull GM 2021"]
[Site "Hull"]
[Date "2021.10.23"]
[Round "6.3"]
[White "Murphy, Conor E"]
[Black "Royal, Shreyas"]
[Result "1-0"]
[ECO "C93"]
[WhiteElo "2428"]
[BlackElo "2226"]
[Annotator "NA"]
[PlyCount "85"]
[EventDate "2021.10.20"]
[EventType "tourn"]
[EventCountry "ENG"]
[SourceTitle "playchess.com"]
[Source "ChessBase"]
[SourceQuality "1"]
[TimeControl "5400+30"]

1. e4 e5 2. Nf3 Nc6 3. Bb5 a6 4. Ba4 Nf6 5. O-O Be7 6. Re1 b5 7. Bb3 d6 8. c3 O-O 9. h3 Bb7 10. d4 Re8 11. Nbd2 Bf8 12. a3 h6 13. Bc2 Nb8 14. b3 Nbd7 15. Bb2 g6 16. Bd3 Bg7 17. dxe5 dxe5 18. Qc2 Nc5 {[%emt 0:12:09] [#]} (18... c5 $11) 19. Bf1 $1 Nfd7 20. c4 c6 21. Rad1 Ne6 22. b4 Qe7 (22... Qc7 $14) 23. Nb3 Ng5 (23... f6 $16 {was called for.}) 24. Nxg5 hxg5 25. Bc1 Nf8 26. Nc5 Bc8 27. Be2 Ne6 28. Nxe6 Bxe6 29. Be3 Bf8 $16 30. Bc5 Qb7 31. Bxf8 Kxf8 32. Rd6 Qc8 33. Red1 Ra7 34. Qc3 Bxc4 35. Bxc4 bxc4 36. Qxc4 Rc7 37. Qc1 g4 38. Qg5 Rce7 39. hxg4 Qa8 40. Qf6 Kg8 41. R1d3 Re6 42. Rxe6 fxe6 43. Rd7 1-0

[Event "4NCL Hull GM 2021"]
[Site "Hull"]
[Date "2021.10.23"]
[Round "6.4"]
[White "Wadsworth, Matthew J"]
[Black "Turner, Matthew J"]
[Result "0-1"]
[ECO "A14"]
[WhiteElo "2425"]
[BlackElo "2471"]
[Annotator "ChessBase"]
[PlyCount "144"]
[EventDate "2021.10.20"]
[EventType "tourn"]
[EventCountry "ENG"]
[SourceTitle "playchess.com"]
[Source "ChessBase"]
[SourceQuality "1"]
[TimeControl "5400+30"]

1. c4 Nf6 2. g3 e6 3. Bg2 d5 4. Nf3 Be7 5. O-O O-O 6. b3 b6 7. Bb2 Bb7 8. e3 c5 9. Nc3 Qc8 10. Qe2 Ne4 11. d3 Nxc3 12. Bxc3 Nd7 13. Rfd1 Bf6 14. Bxf6 Nxf6 15. Rac1 dxc4 16. Rxc4 Bd5 17. Rh4 a5 18. e4 Bb7 19. e5 Nd7 20. Ng5 h6 21. Ne4 Bxe4 22. Bxe4 Ra7 23. f4 f5 24. Bg2 a4 25. g4 axb3 26. axb3 Qd8 27. Rh5 Kh7 28. gxf5 exf5 29. Rh3 Qe7 30. Qf3 Rd8 31. Qh5 Qe6 32. d4 cxd4 33. Bf1 Nc5 34. Bc4 Qg6+ 35. Qxg6+ Kxg6 36. Rg3+ Kh7 37. b4 b5 38. Bd3 Ne4 39. Rg2 g6 40. Rc2 Nc3 41. Re1 Kg7 42. h4 h5 43. Kh2 Nd5 44. Bxb5 Nxf4 45. Kg3 d3 46. Rc4 Ne2+ 47. Kf2 Nd4 48. Rc5 Ra2+ 49. Kg3 f4+ 50. Kxf4 Ne6+ 51. Ke4 Nxc5+ 52. bxc5 d2 53. Rd1 Rc2 54. e6 Kf6 55. Bd7 Rxc5 56. Rxd2 Re5+ 57. Kf4 Rxe6 58. Rd3 Rb6 59. Bb5 Rxd3 60. Bxd3 Rb4+ 61. Be4 Ra4 62. Kf3 Ra3+ 63. Kg2 Re3 64. Bb1 Rb3 65. Be4 Re3 66. Bb1 g5 67. hxg5+ Kxg5 68. Kf2 Kf4 69. Ba2 h4 70. Bc4 h3 71. Bf1 Rf3+ 72. Kg1 Kg3 0-1

[Event "4NCL Hull GM 2021"]
[Site "Hull"]
[Date "2021.10.23"]
[Round "6.5"]
[White "Davies, Nigel R"]
[Black "Czopor, Maciej"]
[Result "1/2-1/2"]
[ECO "A09"]
[WhiteElo "2475"]
[BlackElo "2411"]
[Annotator "ChessBase"]
[PlyCount "101"]
[EventDate "2021.10.20"]
[EventType "tourn"]
[EventCountry "ENG"]
[SourceTitle "playchess.com"]
[Source "ChessBase"]
[SourceQuality "1"]
[TimeControl "5400+30"]

1. Nf3 Nf6 2. c4 e6 3. g3 d5 4. Bg2 d4 5. O-O c5 6. d3 Nc6 7. e4 dxe3 8. fxe3 Be7 9. Nc3 O-O 10. b3 Qc7 11. Bb2 Rd8 12. Qe2 a6 13. Rad1 b5 14. cxb5 axb5 15. Nxb5 Qb6 16. Nc3 Ba6 17. Ng5 Ra7 18. Na4 Qc7 19. Bxf6 Bxf6 20. Ne4 Be7 21. Naxc5 Nb4 22. Nxa6 Rxa6 23. a4 f5 24. Nf2 Qc3 25. Rb1 Nxd3 26. Nxd3 Qxd3 27. Qxd3 Rxd3 28. e4 g6 29. Rfd1 Rc3 30. exf5 gxf5 31. Bf1 Rb6 32. Bc4 Bb4 33. a5 Bxa5 34. Ra1 Bb4 35. Rd7 Bc5+ 36. Kh1 Rb8 37. Bxe6+ Kh8 38. Rf1 Rf8 39. Bxf5 Rxb3 40. Rxh7+ Kg8 41. Rc7 Rb5 42. g4 Rd8 43. Bd7 Bd6 44. Be6+ Kh8 45. Rc3 Rb2 46. Rh3+ Kg7 47. g5 Bf4 48. Bf5 Rdd2 49. g6 Rxh2+ 50. Rxh2 Bxh2 51. Rb1 1/2-1/2

[Event "4NCL Hull GM 2021"]
[Site "Hull"]
[Date "2021.10.23"]
[Round "7.2"]
[White "Turner, Matthew J"]
[Black "Davies, Nigel R"]
[Result "1/2-1/2"]
[ECO "E06"]
[WhiteElo "2471"]
[BlackElo "2475"]
[Annotator "ChessBase"]
[PlyCount "20"]
[EventDate "2021.10.20"]
[EventType "tourn"]
[EventCountry "ENG"]
[SourceTitle "playchess.com"]
[Source "ChessBase"]
[SourceQuality "1"]
[TimeControl "5400+30"]

1. d4 Nf6 2. Nf3 e6 3. g3 d5 4. Bg2 Be7 5. O-O O-O 6. c4 c6 7. Nbd2 b6 8. Qc2 Bb7 9. e4 Na6 10. b3 c5 1/2-1/2

[Event "4NCL Hull GM 2021"]
[Site "Hull"]
[Date "2021.10.24"]
[Round "8.1"]
[White "Willow, Jonah B"]
[Black "Clarke, Brandon G I"]
[Result "1-0"]
[ECO "B01"]
[WhiteElo "2353"]
[BlackElo "2442"]
[Annotator "ChessBase"]
[PlyCount "77"]
[EventDate "2021.10.20"]
[EventType "tourn"]
[EventCountry "ENG"]
[SourceTitle "playchess.com"]
[Source "ChessBase"]
[SourceQuality "1"]
[TimeControl "5400+30"]

1. e4 d5 2. exd5 Qxd5 3. Nc3 Qd6 4. d4 Nf6 5. Nf3 c6 6. Ne5 Nbd7 7. Nc4 Qc7 8. Qf3 Nb6 9. Ne5 e6 10. Bd3 Nbd7 11. Nc4 Nb6 12. Bf4 Qd8 13. O-O-O Nxc4 14. Bxc4 Be7 15. Be5 a5 16. g4 O-O 17. Rhg1 Nd5 18. Nxd5 exd5 19. Bd3 Bd6 20. g5 Bxe5 21. dxe5 Qe7 22. Qg3 a4 23. a3 b5 24. c3 Rb8 25. Bc2 Rd8 26. Rd4 g6 27. Rh4 c5 28. Rh6 b4 29. e6 Bxe6 30. Qh4 Qd6 31. Re1 Kf8 32. Rxh7 bxc3 33. Qh6+ Ke8 34. Rxf7 Kxf7 35. Bxg6+ Kg8 36. Bh7+ Kf7 37. Bg6+ Kg8 38. Qh7+ Kf8 39. Qh8+ 1-0

[Event "4NCL Hull GM 2021"]
[Site "Hull"]
[Date "2021.10.24"]
[Round "8.2"]
[White "Murphy, Conor E"]
[Black "Jackson, James P"]
[Result "0-1"]
[ECO "A30"]
[WhiteElo "2428"]
[BlackElo "2386"]
[Annotator "ChessBase"]
[PlyCount "96"]
[EventDate "2021.10.20"]
[EventType "tourn"]
[EventCountry "ENG"]
[SourceTitle "playchess.com"]
[Source "ChessBase"]
[SourceQuality "1"]
[TimeControl "5400+30"]

1. c4 Nf6 2. Nc3 c5 3. g3 e6 4. Nf3 b6 5. Bg2 Bb7 6. O-O d6 7. d4 cxd4 8. Qxd4 a6 9. b3 Qc7 10. Bb2 Nbd7 11. Rac1 Be7 12. Rfd1 O-O 13. Ne1 Bxg2 14. Nxg2 Qb7 15. Rb1 b5 16. cxb5 axb5 17. a4 b4 18. Nb5 d5 19. Rdc1 Rfc8 20. Ne3 Bf8 21. Ng4 Nxg4 22. Qxg4 e5 23. e3 Rxc1+ 24. Rxc1 Rc8 25. Rxc8 Qxc8 26. Qf5 g6 27. Qd3 Qc6 28. f4 f6 29. Kf1 Kg7 30. Kg1 Kf7 31. h4 Bc5 32. h5 Bb6 33. hxg6+ hxg6 34. fxe5 fxe5 35. Kh2 Nf6 36. Qe2 Qe6 37. Kg2 Ng4 38. Bc1 Nf6 39. Bd2 Bc5 40. Qf3 Ke7 41. Nc7 Qc6 42. Nb5 Ne4 43. Be1 Ng5 44. Qg4 Bxe3 45. Bxb4+ Kf6 46. Kf1 d4 47. Nd6 d3 48. Qh4 Qf3+ 0-1

[Event "4NCL Hull GM 2021"]
[Site "Hull"]
[Date "2021.10.24"]
[Round "8.4"]
[White "Davies, Nigel R"]
[Black "Royal, Shreyas"]
[Result "0-1"]
[ECO "C00"]
[WhiteElo "2475"]
[BlackElo "2226"]
[Annotator "ChessBase"]
[PlyCount "84"]
[EventDate "2021.10.20"]
[EventType "tourn"]
[EventCountry "ENG"]
[SourceTitle "playchess.com"]
[Source "ChessBase"]
[SourceQuality "1"]
[TimeControl "5400+30"]

1. Nf3 Nf6 2. g3 d5 3. Bg2 e6 4. O-O Be7 5. d3 O-O 6. Nbd2 c5 7. e4 Nc6 8. Re1 b5 9. Nf1 a5 10. exd5 exd5 11. c3 h6 12. d4 c4 13. Ne5 Ra6 14. Ne3 Re8 15. a4 Na7 16. axb5 Nxb5 17. Qa4 Nc7 18. Bd2 Bd6 19. f4 Be6 20. Qc2 Qc8 21. Re2 Ng4 22. N5xg4 Bxg4 23. Rf2 Bh3 24. Bf3 Bd7 25. Nxd5 Nxd5 26. Bxd5 a4 27. Re1 Rxe1+ 28. Bxe1 Ra5 29. Be4 a3 30. bxa3 Rxa3 31. f5 Ra1 32. Rf1 Be7 33. Qe2 Bg5 34. h4 Bf6 35. Qf3 Ra2 36. Bf2 Qa6 37. Rb1 Qa3 38. Rb8+ Kh7 39. Bd5 Qc1+ 40. Kg2 Qc2 41. Bxf7 Qxf5 42. h5 Qh3+ 0-1

[Event "4NCL Hull GM 2021"]
[Site "Hull"]
[Date "2021.10.24"]
[Round "8.5"]
[White "Czopor, Maciej"]
[Black "Turner, Matthew J"]
[Result "0-1"]
[ECO "C65"]
[WhiteElo "2411"]
[BlackElo "2471"]
[Annotator "ChessBase"]
[PlyCount "78"]
[EventDate "2021.10.20"]
[EventType "tourn"]
[EventCountry "ENG"]
[SourceTitle "playchess.com"]
[Source "ChessBase"]
[SourceQuality "1"]
[TimeControl "5400+30"]

1. e4 e5 2. Nf3 Nc6 3. Bb5 Nf6 4. d3 Bc5 5. O-O d6 6. c3 O-O 7. h3 Bb6 8. Ba4 Ne7 9. Nbd2 Ng6 10. Nc4 h6 11. Re1 Be6 12. Nxb6 axb6 13. Bc2 Nh7 14. d4 Qf6 15. Be3 Ng5 16. Nxg5 hxg5 17. d5 Bd7 18. g3 Nf4 19. gxf4 gxf4 20. Bd2 Qh4 21. Qe2 g5 22. f3 Kg7 23. Qf2 Qxh3 24. Qg2 Rh8 25. Kf2 g4 26. fxg4 Qh4+ 27. Kf3 Qh3+ 28. Kf2 Qh4+ 29. Ke2 Qh2 30. Rg1 Rh3 31. Kd1 Qxg2 32. Rxg2 Rah8 33. Rg1 Rh1 34. Ke2 R8h2+ 35. Kd3 Bb5+ 36. c4 Rh3+ 37. Ke2 Bxc4+ 38. Kf2 R3h2+ 39. Kf3 Be2# 0-1

[Event "4NCL Hull GM 2021"]
[Site "Hull"]
[Date "2021.10.31"]
[Round "9.1"]
[White "Turner, Matthew J"]
[Black "Willow, Jonah B"]
[Result "1-0"]
[ECO "D02"]
[WhiteElo "2471"]
[BlackElo "2353"]
[Annotator "ChessBase"]
[PlyCount "73"]
[EventDate "2021.10.20"]
[EventType "tourn"]
[EventCountry "ENG"]
[SourceTitle "playchess.com"]
[Source "ChessBase"]
[SourceQuality "1"]
[TimeControl "5400+30"]

1. d4 d5 2. Nf3 Nf6 3. Bf4 c5 4. e3 Nc6 5. c3 Bg4 6. Qb3 Qc8 7. Ne5 c4 8. Qa4 Bd7 9. Nxd7 Nxd7 10. Nd2 a6 11. Be2 Nf6 12. O-O e6 13. Bf3 Be7 14. e4 O-O 15. h3 Re8 16. Rae1 b5 17. Qc2 Qd8 18. Re2 Qa5 19. exd5 Nxd5 20. Bxd5 exd5 21. Rfe1 Qd8 22. Qf5 g6 23. Qg4 h5 24. Qf3 Qd7 25. Nf1 Rad8 26. Bh6 Qd6 27. g4 hxg4 28. hxg4 Qd7 29. Kg2 f6 30. g5 f5 31. Ng3 Kf7 32. Nh5 Rg8 33. Nf4 Bf8 34. Re6 Bxh6 35. Rf6+ Kg7 36. Rxg6+ Kf7 37. Rf6+ 1-0